 Dungeon Crawl Stone Soup version 0.28-a0-21-gf74fda84f9 (webtiles) character file.

Game seed: 4729486034399583107

254 Sobieck the Ducker (level 5, -4/37 HPs)
             Began as a Felid Berserker on July 26, 2021.
             Was a Priest of Trog.
             Slain by a wyvern zombie (15 damage)
             ... on level 7 of the Dungeon.
             The game lasted 00:07:01 (3675 turns).

Sobieck the Ducker (Felid Berserker)                Turns: 3675, Time: 00:07:01

Health: -4/37      AC:  1    Str: 13    XL:     5   Next: 91%
Magic:  6/6        EV: 20    Int:  8    God:    Trog [***...]
Gold:   99         SH:  0    Dex: 17    Spells: 4/4 levels left
                                        Lives:  0   Deaths: 1

rFire   . . .      SeeInvis +     - Unarmed
rCold   . . .      Faith    .   (shield unavailable)
rNeg    . . .      Spirit   .   (armour unavailable)
rPois   .          Reflect  .   (helmet unavailable)
rElec   .          Harm     .   (cloak unavailable)
rCorr   .          Rampage  .   (gloves unavailable)
Will    .....                   (boots unavailable)
Stlth   ..........              (no amulet)
HPRegen 0.12/turn               (no ring)
MPRegen 0.10/turn               (no ring)

@: berserking, very quick
A: very small, claws 1, fangs 3, see invisible, speed 1, shaggy fur 1, stealthy
paws, no weapons or thrown items, no armour, multi-lived
a: Renounce Religion, Berserk, Trog's Hand


You were on level 7 of the Dungeon.
You worshipped Trog.
Trog was most pleased with you.
You visited 1 branch of the dungeon, and saw 6 of its levels.

You collected 99 gold pieces.


Innate Abilities, Weirdness & Mutations

You have sharp claws.
You have razor-sharp teeth.
You have supernaturally acute eyesight. (SInv)
You cover ground quickly. (Speed+)
You are covered in fur. (AC +1)
Your paws help you pounce on unaware monsters.
You are incapable of wielding weapons or throwing items.
You cannot wear armour.
You gain extra lives every three experience levels.


   Skills:
 + Level 3.7 Fighting
 + Level 5.8 Dodging
 + Level 4.4 Stealth
 + Level 4.6 Unarmed Combat


You had 4 spell levels left.
You didn't know any spells.
Your spell library contained the following spells:

 Spells                   Type           Power      Damage    Failure   Level
 Slow                     Hex            0%         N/A       54%         2
 Confusing Touch          Hex            0%         N/A       78%         3
 Vampiric Draining        Necr           0%         2d6       78%         3

Inventory:

Scrolls
 c - a scroll of magic mapping {!r}
Potions
 a - a potion of degeneration {unknown}
 b - a potion of mutation {!q}
 d - a potion of heal wounds {@q2}
 e - a potion of haste {unknown}

Dungeon Overview and Level Annotations

Branches:
Dungeon (7/15)
 Temple: D:4-7

Altars:
Cheibriados

#. .## #.....#
##.#.#..#
#.......###
#.#.#....
#...#.#
##...####
########..<....#
#.....Z@..)....#
#.######.......#
#.......#
#.......#
#.......#
#.........
####.##### .#


You could see a wyvern zombie.


Message History

The orc shouts!
You scratch the orc wizard.
You kill the orc wizard!
Trog accepts your kill.
Trog appreciates your killing of a magic user.
An orc comes into view. It is wielding a +0 flail. 😕 HP[+1]
You now have 25 max hp (+1).
There is a stone staircase leading down here.
You start resting.
An orc is nearby!
An orc comes into view. It is wielding a +0 war axe. 😕 HP[+1]
A red film seems to cover your vision as you go berserk!
You feel yourself moving faster!
You feel mighty! The orc completely misses you. 😕 HP[+9]
You now have 37 max hp (+12).
You regained 9 hp, and now have 29/37 hp.
You closely miss the orc. The orc misses you.
You claw the orc!
You kill the orc!
Trog accepts your kill. The orc closely misses you.
You see here a +0 war axe {axe}. 😕 HP[+1]
You claw the orc!
You feel the power of Trog in you as your rage grows.
You kill the orc!
Trog accepts your kill.
Things that are here:
a +0 club {mace}; a +0 ring mail; an orc corpse You feel a strong urge to attack something.
You see here a +0 war axe {axe}.
There is a stone staircase leading down here.
You start resting.
You feel your anger nearly subside.
You are no longer berserk.
You are exhausted.
You feel yourself slow down.
An orc wizard comes into view. It is wielding a +0 dagger. 😕 HP[-10]
You now have 25 max hp (-12).
The orc wizard shouts!
You scratch the orc wizard. Your bite misses the orc wizard.
The orc wizard points at you and mumbles some strange words.
The puff of flame hits you!
* * * LOW HITPOINT WARNING * * *
😨 HP[-10]
You take 10 damage, and now have 10/25 hp.
MASSIVE DAMAGE!! (PAUSE)
You barely miss the orc wizard. You bite the orc wizard.
The orc wizard hits you with a +0 dagger.
* * * LOW HITPOINT WARNING * * *
😱 HP[-5]
You take 5 damage, and now have 5/25 hp.
Unknown command.
You claw the orc wizard!
You kill the orc wizard!
Trog accepts your kill.
Trog appreciates your killing of a magic user.
Unknown command.
You start resting.
An orc is nearby!
You climb downwards.
There is a stone staircase leading up, spattered with blood here.
You start resting.
You feel yourself speed up.
You recover from your berserk rage. 😎 HP[+20]
Your hp is fully restored (25).
You start waiting.
A wyvern zombie comes into view.
Unknown command.
You climb upwards.
There is a stone staircase leading down here.
The orc shouts!
You scratch the orc. The orc misses you.
You scratch the orc. You bite the orc. The orc barely misses you.
You claw the orc!
You kill the orc!
Trog accepts your kill.
You climb downwards.
There is a stone staircase leading up, spattered with blood here.
You barely miss the wyvern zombie. The wyvern zombie barely misses you.
You scratch the wyvern zombie. The wyvern zombie misses you.
You scratch the wyvern zombie. The wyvern zombie closely misses you.
You claw the wyvern zombie! The wyvern zombie closely misses you.
The wyvern zombie bites you! 😮 HP[-10]
You take 10 damage, and now have 15/25 hp.
MASSIVE DAMAGE!! (PAUSE)
A red film seems to cover your vision as you go berserk!
You feel yourself moving faster!
You feel mighty! The wyvern zombie bites you!
* * * LOW HITPOINT WARNING * * *
😨 HP[-4]
You now have 37 max hp (+12).
You scratch the wyvern zombie. The wyvern zombie closely misses you.
You claw the wyvern zombie! The wyvern zombie bites you!
You die...

Skill      XL: |  1  2  3  4  5 |
---------------+----------------+-----
Stealth        | 1 2 3 4 |  4.4
Dodging        | 5 |  5.8
Unarmed Combat | 4 |  4.6
Fighting       | |  3.7

Action                   |  1- 3 |  4- 6 || total
-------------------------+-------+-------++-------
Melee: Unarmed           |   104 |    80 ||   184
       Bite              |     9 |    10 ||    19
       Punch             |     3 |     2 ||     5
Invok: Berserk           |     7 |     4 ||    11
  Use: Scroll            |     3 |       ||     3
 Stab: Sleeping          |     7 |     2 ||     9
Armor: Skin              |     9 |       ||     9
Dodge: Dodged            |    90 |    52 ||   142

Levels and vault maps discovered:
D:1:      kb_arrival_jail, layout_loops_ring, amcnicky_mini_corridor_feature,
          st_stairs_3, minmay_misc_feat_hallway
D:2:      layout_rooms, basic_altar, minmay_liquid_box
D:3:      layout_rooms, ebering_ecumenical_altar_petrified,
          wad_floor_pattern_untrapped, minmay_bisected, uniq_terence
D:4:      layout_basic, minmay_temple_entry_stoned_glass, serial_shops, shop,
          shop, nicolae_inconvenience_store
D:6:      layout_loops_ring, gammafunk_ghost_stat_death,
          minmay_manual_monstrance, uniq_eustachio
D:7:      layout_loops_ring, mainiacjoe_overflow_small_starburst, serial_shops,
          nicolae_stop_n_shop_1, kennysheep_diamond, st_stairs_12, uniq_pikel

Notes
Turn   | Place    | Note
-------+----------+-------------------------------------------
     0 | D:1      | Sobieck the Felid Berserker began the quest for the Orb.
     0 | D:1      | Reached XP level 1. HP: 10/10 MP: 2/2
     0 | D:1      | magus.rc [v1.9.6]
     2 | D:1      | Noticed a dwarf
     4 | D:1      | Noticed a tengu
     4 | D:1      | Noticed a formicid
     6 | D:1      | Noticed a demonspawn
     6 | D:1      | Noticed a gargoyle
     8 | D:1      | Noticed a human
     8 | D:1      | Noticed a draconian
    10 | D:1      | Noticed a felid
    10 | D:1      | Noticed a minotaur
    14 | D:1      | Noticed a vampire
    14 | D:1      | Noticed a demigod
    16 | D:1      | Noticed a djinni
    16 | D:1      | Noticed a troll
    18 | D:1      | Noticed a merfolk
    18 | D:1      | Noticed an octopode
    20 | D:1      | Noticed a ghoul
    20 | D:1      | Noticed a naga
    22 | D:1      | Noticed a spriggan
    22 | D:1      | Noticed a vine stalker
    24 | D:1      | Noticed an elf
    24 | D:1      | Noticed an ogre
    26 | D:1      | Noticed a barachi
    26 | D:1      | Noticed a palentonga
   442 | D:1      | Reached skill level 1 in Stealth
   511 | D:1      | You pick up a book of Debilitation {forbidden} and begin
                  | reading...
   511 | D:1      | You add the spells Slow, Vampiric Draining and Confusing
                  | Touch to your library.
   621 | D:1      | Reached XP level 2. HP: 14/14 MP: 3/3
   944 | D:1      | Reached skill level 2 in Stealth
   944 | D:1      | Reached XP level 3. HP: 17/17 MP: 4/4
  1460 | D:1      | Reached ** piety under Trog
  1928 | D:1      | HP: 4/17 [poisoned by a hobgoblin]
  2284 | D:2      | Reached skill level 5 in Dodging
  2417 | D:2      | Found a snail-covered altar of Cheibriados.
  2553 | D:2      | Reached XP level 4. HP: 21/21 MP: 5/5
  2556 | D:2      | Reached skill level 3 in Stealth
  2693 | D:2      | Reached skill level 4 in Unarmed Combat
  2913 | D:3      | Noticed Terence
  2919 | D:3      | Found a faded altar of an unknown god.
  3080 | D:2      | Killed Terence
  3141 | D:3      | You fall into a shaft and drop 3 floors!
  3142 | D:6      | Noticed a sky beast
  3142 | D:6      | Noticed an ice beast
  3142 | D:6      | Noticed a vampire
  3143 | D:6      | Noticed a kobold brigand
  3143 | D:6      | Noticed an ogre
  3144 | D:6      | HP: 3/31 [vampire (11)]
  3145 | D:6      | Slain by a vampire
  3146 | D:6      | Reached XP level 3. HP: -5/25 MP: 4/4
  3179 | D:7      | Noticed an ogre
  3183 | D:7      | Killed an ogre
  3184 | D:7      | Reached XP level 4. HP: 21/21 MP: 5/5
  3184 | D:7      | Reached XP level 5. HP: 24/24 MP: 6/6
  3191 | D:7      | Reached skill level 4 in Stealth
  3403 | D:6      | Reached *** piety under Trog
  3415 | D:6      | HP: 5/25 [orc wizard (5)]
  3675 | D:7      | Slain by a wyvern zombie

Vanquished Creatures
  An ogre (D:7)
  A wyvern zombie (D:7)
  2 orc wizards (D:6)
  Terence (D:2)
  A gnoll (D:1)
  3 worms
  A dart slug (D:2)
  3 orcs (D:6)
  3 ball pythons
  6 bats
  8 endoplasms
  3 giant cockroaches
  4 goblins
  14 hobgoblins
  6 jackals (D:2)
  2 quokkas
  2 frilled lizards (D:1)
  3 kobolds
  6 rats
70 creatures vanquished.

Vanquished Creatures (others)
  2 withered plants (D:3)
2 creatures vanquished.

Grand Total: 72 creatures vanquished

Table legend:
 A = Non-vault XP
 B = Vault XP
 C = Vault XP percentage of total XP
 D = Non-vault monster count
 E = Vault monster count
 F = Vault count percentage of total count
                 A         B        C        D         E       F
            +---------+---------+-------+---------+---------+-------
      Total |     409 |      40 |   8.9 |      64 |       6 |   8.6
            +---------+---------+-------+---------+---------+-------
        D:1 |      67 |       5 |   6.9 |      29 |       3 |   9.4
        D:2 |      45 |      32 |  41.6 |      24 |       1 |   4.0
        D:3 |      11 |       3 |  21.4 |       4 |       2 |  33.3
        D:6 |      77 |       0 |   0.0 |       5 |       0 |   0.0
        D:7 |     209 |       0 |   0.0 |       2 |       0 |   0.0
            +---------+---------+-------+---------+---------+-------

Illustrated notes

Table legend:
 A = Kills in this place as a percentage of kills in entire the game.
 B = Kills by you in this place as a percentage of kills by you in the entire game.
 C = Kills by friends in this place as a percentage of kills by friends in the entire game.
 D = Other kills in this place as a percentage of other kills in the entire game.
 E = Experience gained in this place as a percentage of experience gained in the entire game.
 F = Experience gained in this place divided by the number of levels of this place that you have seen.
                   A       B       C       D       E      F
               +-------+-------+-------+-------+-------+----------------------
         Total | 100.0 | 100.0 |   N/A |   N/A | 100.0 |  74.8
       Dungeon | 100.0 | 100.0 |   N/A |   N/A | 100.0 |  74.8
               +-------+-------+-------+-------+-------+----------------------

Table legend: (Time is in decaauts)
 A = Elapsed time spent in this place.
 B = Non-inter-level travel time spent in this place.
 C = Inter-level travel time spent in this place.
 D = Time resting spent in this place.
 E = Time spent auto-exploring this place.
 F = Levels seen in this place.
 G = Mean time per level.
                   A        B        C        D        E       F      G
               +--------+--------+--------+--------+--------+-----+--------+
         Total |   3539 |   3481 |     58 |   2133 |    877 |   6 |  589.8 |
       Dungeon |   3539 |   3481 |     58 |   2133 |    877 |   6 |  589.8 |
               +--------+--------+--------+--------+--------+-----+--------+

Top non-repeatable levels by time:
     D:1: 2069 daAuts
     D:2: 855 daAuts
     D:7: 471 daAuts
     D:3: 72 daAuts
     D:6: 68 daAuts
     D:4: 1 daAuts
